 Dungeon Crawl Stone Soup version 0.31-a0-983-g7b6862f502 (webtiles) character file.

Game seed: 17714973278500544453

90 Jeffwins the Ruffian (level 4, -2/27 (29) HPs)
             Began as an Octopode Shapeshifter on Nov 3, 2023.
             Slain by an orc priest
             ... wielding a +2 flail of draining
              (11 damage)
             ... on level 3 of the Dungeon.
             The game lasted 00:04:40 (1583 turns).

Jeffwins the Ruffian (Octopode Shapeshifter)        Turns: 1583, Time: 00:04:40

HP:   -2/27 (29)    AC:  1    Str: 13    XL:     4   Next: 56%
MP:   4/4           EV: 13    Int: 14    God:
Gold: 106           SH:  0    Dex: 11    Spells: 3/3 levels left

rFire   . .          .
                       - Unarmed
rCold   x . .        (no shield)
rNeg    . . .        (helmet currently unavailable)
rPois   .            (no amulet)
rElec   +            (no ring)
rCorr   .            (no ring)
SInv    .            (no ring)
Will    .....        (no ring)
Stlth   +++          (no ring)
HPRegen 0.24/turn    (no ring)
MPRegen 0.09/turn    (no ring)
                     (no ring)

%: no passive effects
@: beast-form, drained
A: beast (slay +1), almost no armour, amphibious, 8 rings, camouflage 1,
gelatinous body 1, (nimble swimmer 1), tentacles, tentacle spike 1, electricity
resistance, wild magic 1, cold vulnerability 1
a: Begin Untransformation


You were on level 3 of the Dungeon.
You were a hulking beast.
You visited 1 branch of the dungeon, and saw 3 of its levels.

You collected 106 gold pieces.


Innate Abilities, Weirdness & Mutations

You are a hulking beast.
Your limbs bulge with bestial killing power. (Slay +1)
You cannot wear most types of armour.
You are amphibious.
You can wear up to eight rings at the same time.
Your skin changes colour to match your surroundings (Stealth+).
Your rubbery body absorbs attacks. (AC +1, EV +1)
((You are camouflaged when in or above water. (Stealth+)))
You have tentacles for arms and can constrict up to eight enemies at once.
One of your tentacles bears a spike.
You are resistant to electric shocks. (rElec)
Your spells are a little harder to cast, but a little more powerful.
You are vulnerable to cold. (rC-)


   Skills:
 + Level 1.8 Fighting
 + Level 0.4 Throwing
 + Level 2.5 Dodging
 + Level 1.9 Stealth
 * Level 3.9 Unarmed Combat
 + Level 3.2 Shapeshifting


You had 3 spell levels left.
You didn't know any spells.
Your spell library contained the following spells:

 Spells                   Type           Power      Damage    Failure   Level
 Tukima's Dance           Hex            0%         N/A       73%         3
 Dimensional Bullseye     Hex/Tloc       0%         N/A       98%         4
 Iskenderun's Mystic Bla  Conj/Tloc      0%         2d3       98%         4

Inventory:

Hand Weapons
 j - a +0 short sword of venom
Missiles
 e - 2 curare-tipped darts {=f}
Talismans
 b - a beast talisman (active)
 c - a flux talisman
Scrolls
 l - a scroll of revelation {unknown}
Potions
 a - a potion of lignification {!q}
 d - a potion of might {unknown}
 f - 2 potions of heal wounds {@q2}
 g - 2 potions of magic {unknown}
 h - a potion of enlightenment {unknown}
 i - 2 potions of curing {@q1}
 k - a potion of brilliance {unknown}
 m - a potion of ambrosia {unknown}

Dungeon Overview and Level Annotations

Branches:
Dungeon (3/15)

Altars:
Nemelex Xobeh

......# ......#
......#
.#†..############
..†..............
.##.#####.#######+####
.##..# #.# #.....#
.###...
#.######.....### .#
##.##.......ho.Jo.oo
.# ..#########K######
.# .# .# .# # .# .# .#
.# .. .# .. .# .. .#


You could see an orc priest, 3 orcs, an endoplasm and a kobold.


Message History

The orc priest shouts!
You hear a shout!
An orc comes into view. It is wielding a +0 short sword.
The orc moves out of view.
The orc shouts!
The endoplasm quivers.
The orc priest invokes the aid of Beogh against you.
Pain shoots through your body!
You tentacle-slap the orc priest. Your grab misses the orc priest.
You pierce the orc priest.
The orc priest is severely wounded.
The orc priest hits you with a +2 flail of draining!
You feel drained.
An orc comes into view. It is wielding a +0 whip.
The orc shouts!
You tentacle-slap the orc priest but do no damage.
Your grab misses the orc priest.
Your tentacle spike misses the orc priest.
The orc priest is severely wounded.
The orc priest hits you with a +2 flail of draining!
* * * LOW HITPOINT WARNING * * *
You feel drained.
* * * LOW HITPOINT WARNING * * *
The kobold misses you.
An orc comes into view. It is wielding a +0 short sword.
The orc shouts!
You tentacle-slap the orc priest but do no damage.
Your grab misses the orc priest.
The orc priest is severely wounded.
The orc priest hits you with a +2 flail of draining!
You die...

Skill      XL: |  1  2 |
---------------+-------+-----
Stealth        | 1 |  1.9
Fighting       | |  1.8
Throwing       | |  0.4
Dodging        | |  2.5
Unarmed Combat | |  3.9
Shapeshifting  | |  3.2

Action                     |  1- 3 |  4- 6 || total
---------------------------+-------+-------++-------
  Melee: Unarmed           |    71 |    30 ||   101
         Constrict         |    18 |     9 ||    27
         Tentacles         |     9 |     6 ||    15
         Punch             |     2 |       ||     2
         Kick              |     3 |    10 ||    13
    Use: Scroll            |     3 |       ||     3
         Potion            |     1 |       ||     1
   Stab: Sleeping          |    11 |     4 ||    15
         Distracted        |     1 |       ||     1
 Armour: Skin              |    26 |    21 ||    47
  Dodge: Dodged            |    30 |    21 ||    51
   Form: Beast             |     1 |       ||     1

Levels and vault maps discovered:
D:1:      eino_arrival_druids_welcome, layout_basic, minmay_misc_feat_iff
D:2:      layout_loops_cross, basic_altar
D:3:      layout_basic

Notes
Turn   | Place    | Note
-------+----------+-------------------------------------------
     0 | D:1      | Jeffwins the Octopode Shapeshifter began the quest for the
                  | Orb.
     0 | D:1      | Reached XP level 1. HP: 13/13 MP: 1/1
    68 | D:1      | Reached XP level 2. HP: 5/18 MP: 2/2
   217 | D:1      | Reached skill level 1 in Stealth
   479 | D:1      | Reached XP level 3. HP: 11/23 MP: 3/3
   817 | D:2      | Found a sparkling altar of Nemelex Xobeh.
   979 | D:2      | Gained mutation: Your spells are a little harder to cast,
                  | but a little more powerful. [potion of mutation]
   979 | D:2      | Gained mutation: You are resistant to electric shocks.
                  | (rElec) [potion of mutation]
   979 | D:2      | Gained mutation: You are vulnerable to cold. (rC-) [potion
                  | of mutation]
   979 | D:2      | Gained mutation: One of your tentacles bears a spike.
                  | [potion of mutation]
  1234 | D:2      | Reached XP level 4. HP: 22/29 MP: 4/4
  1583 | D:3      | Slain by an orc priest

Vanquished Creatures
  3 adders
  A worm (D:3)
  2 dart slugs (D:2)
  7 endoplasms
  A giant cockroach (D:1)
  5 goblins (D:1)
  8 hobgoblins
  4 jackals (D:3)
  3 quokkas
  2 ball pythons
  5 bats
  6 frilled lizards
  2 kobolds (D:2)
  6 rats
55 creatures vanquished.

Table legend: (Time is in decaauts)
 A = Elapsed time spent in this place.
 B = Non-inter-level travel time spent in this place.
 C = Inter-level travel time spent in this place.
 D = Time resting spent in this place.
 E = Time spent auto-exploring this place.
 F = Levels seen in this place.
 G = Mean time per level.
                   A        B        C        D        E       F      G
               +--------+--------+--------+--------+--------+-----+--------+
         Total |   1576 |   1529 |     47 |      0 |   1205 |   3 |  525.3 |
       Dungeon |   1576 |   1529 |     47 |      0 |   1205 |   3 |  525.3 |
               +--------+--------+--------+--------+--------+-----+--------+

Top non-repeatable levels by time:
     D:1: 783 daAuts
     D:2: 593 daAuts
     D:3: 199 daAuts

Table legend:
 A = Non-vault XP
 B = Vault XP
 C = Vault XP percentage of total XP
 D = Non-vault monster count
 E = Vault monster count
 F = Vault count percentage of total count
                 A         B        C        D         E       F
            +---------+---------+-------+---------+---------+-------
      Total |     129 |       0 |   0.0 |      55 |       0 |   0.0
            +---------+---------+-------+---------+---------+-------
        D:1 |      37 |       0 |   0.0 |      23 |       0 |   0.0
        D:2 |      55 |       0 |   0.0 |      19 |       0 |   0.0
        D:3 |      37 |       0 |   0.0 |      13 |       0 |   0.0
            +---------+---------+-------+---------+---------+-------
